 Dungeon Crawl Stone Soup version 0.30-a0-29-g142975f185 (webtiles) character file.

Game seed: 14242877629258948239

211672 nono the Warrior (level 17, -2/161 HPs)
             Began as a Palentonga Fighter on Aug 25, 2022.
             Was the Champion of Jiyva.
             Slain by a broodmother (12 damage)
             ... on level 3 of the Spider Nest.
             The game lasted 01:48:03 (24161 turns).

nono the Warrior (Palentonga Fighter)              Turns: 24161, Time: 01:48:05

Health: -2/161     AC: 23    Str: 38    XL:     17   Next: 75%
Magic:  17/17      EV: 10    Int: 18    God:    Jiyva [******]
Gold:   1188       SH: 24    Dex: 21    Spells: 16/16 levels left

rFire   + . .      SeeInvis +    S - +6 eveningstar (holy)
rCold   + . .      Faith    .    y - +0 tower shield {reflect}
rNeg    . . .      Spirit   .    Q - +4 chain mail {rC+}
rPois   +          Reflect  +    (helmet restricted)
rElec   +          Harm     .    H - +0 cloak
rCorr   +          Rampage  .    h - +1 pair of gloves
Will    ++...                    F - +0 barding
Stlth   ..........               d - amulet of Ucaunwio {RegenMP rElec rPois Int+5 Dex+3}
HPRegen 2.76/turn                a - ring "Zerosyze" {Fly Str+6 Int+4 Dex+3}
MPRegen 1.05/turn                p - ring of Entrepreneurial Spirit {rF+ Will+ Str+6}

@: lethally poisoned (-2 -> -2), spiked, corroded, flying, hasted, curled up,
very quick
A: large, rugged brown scales 3, see invisible, deformed body, roll 1, armoured
tail, reflexive curl, horns 2, stinger 1, large bone plates 1, agile 1, poison
resistance, regeneration 1, gelatinous body 1, pseudopods 3, MP-powered wands
}: 2/15 runes: barnacled, slimy
a: Rolling Charge, Renounce Religion, Oozemancy, Slimify


You were on level 3 of the Spider Nest.
You worshipped Jiyva.
Jiyva was exalted by your worship.
You visited 6 branches of the dungeon, and saw 33 of its levels.
You also visited: Sewer, Gauntlet and Volcano.

You collected 2107 gold pieces.
You spent 919 gold pieces at shops.

Inventory:

Hand Weapons
 s - the +12 quarterstaff "Faugho" {vamp, +Blink Fly rF+ Stlth+}
   (You found it on level 7 of the Dungeon)

   It occasionally heals its wielder for a portion of the damage dealt when it
   wounds a living foe.
   rF:        It protects you from fire.
   Fly:       It grants you flight.
   +Blink:    It lets you blink.
   Stlth:     It makes you more stealthy.
 B - a +0 whip of distortion
 S - a +6 eveningstar of holy wrath (weapon)
Missiles
 A - 4 throwing nets
Armour
 h - a +1 pair of gloves (worn)
 m - a +0 helmet
 y - a +0 tower shield of reflection (worn)
 F - a +0 barding (worn)
 H - a +0 cloak (worn)
 Q - a +4 chain mail of cold resistance (worn)
 V - a +3 ring mail of fire resistance
 W - the +1 leather armour "Estek" {rF- Will++ Str+2}
   (You found it on level 5 of the Pits of Slime)

   Str:       It affects your strength (+2).
   rF:        It makes you vulnerable to fire.
   Will:      It greatly increases your willpower.
Jewellery
 a - the ring "Zerosyze" (left hand) {Fly Str+6 Int+4 Dex+3}
   (You found it on level 13 of the Dungeon)

   [ring of strength]

   Str:       It affects your strength (+6).
   Int:       It affects your intelligence (+4).
   Dex:       It affects your dexterity (+3).
   Fly:       It grants you flight.
 b - a ring of positive energy
 c - the amulet "Sionuistrev" {Regen+ Dex+2 Slay+2 Stlth+}
   (You took it off a merfolk impaler on level 4 of the Shoals)

   [amulet of regeneration]

   Dex:       It affects your dexterity (+2).
   Slay:      It affects your accuracy & damage with ranged weapons and melee
   (+2).
   Regen:     It increases your rate of health regeneration.
   Stlth:     It makes you more stealthy.
 d - the amulet of Ucaunwio (around neck) {RegenMP rElec rPois Int+5 Dex+3}
   (You found it in a Gauntlet)

   [amulet of magic regeneration]

   It increases your rate of magic regeneration.
   Int:       It affects your intelligence (+5).
   Dex:       It affects your dexterity (+3).
   rElec:     It insulates you from electricity.
   rPois:     It protects you from poison.
 p - the ring of Entrepreneurial Spirit (right hand) {rF+ Will+ Str+6}
   (You found it in a Gauntlet)

   [ring of strength]

   Str:       It affects your strength (+6).
   rF:        It protects you from fire.
   Will:      It increases your willpower.
 q - an amulet of the acrobat
 L - a +6 ring of dexterity
 M - an amulet of reflection
 P - a ring of ice
 U - the ring "Eluwn" {rCorr Str+6}
   (You found it on level 4 of the Lair of Beasts)

   [ring of strength]

   Str:       It affects your strength (+6).
   rCorr:     It protects you from acid and corrosion.
 Y - a ring of poison resistance
Wands
 z - a wand of flame (51)
 C - a wand of roots (29)
 Z - a wand of quicksilver (4)
Scrolls
 e - 4 scrolls of amnesia
 g - a scroll of butterflies
 i - 3 scrolls of immolation
 j - 5 scrolls of poison
 k - 7 scrolls of teleportation
 l - 6 scrolls of vulnerability
 v - 2 scrolls of torment
 w - 4 scrolls of magic mapping
 I - 3 scrolls of identify
 K - 3 scrolls of blinking
 R - 2 scrolls of summoning
Potions
 f - 2 potions of flight
 n - 4 potions of invisibility
 o - 3 potions of resistance
 r - 3 potions of attraction
 t - 3 potions of lignification
 u - 4 potions of haste
 x - 3 potions of mutation
 D - 3 potions of brilliance
 E - 7 potions of curing
 G - 3 potions of heal wounds
 J - 2 potions of might
 N - 2 potions of magic
 X - 2 potions of berserk rage
Miscellaneous
 O - a condenser vane
 T - a tin of tremorstones (2/2)


   Skills:
 + Level 18.7 Fighting
 + Level 13.6(15.9) Maces & Flails
 - Level 13.4(15.7) Staves
 - Level 1.0 Throwing
 - Level 8.8 Armour
 - Level 8.1 Dodging
 + Level 13.9 Shields


You had 16 spell levels left.
You didn't know any spells.
Your spell library contained the following spells:

 Spells                   Type           Power      Damage    Failure   Level
 Magic Dart               Conj           0%         1d3       90%         1
 Call Imp                 Summ           0%         N/A       97%         2
 Sublimation of Blood     Necr           0%         N/A       97%         2
 Wereblood                Tmut           0%         N/A       97%         2
 Confusing Touch          Hex            0%         N/A       99%         3
 Dazzling Flash           Conj/Hex       0%         N/A       99%         3
 Mephitic Cloud           Conj/Pois/Air  0%         N/A       99%         3
 Portal Projectile        Hex/Tloc       0%         N/A       99%         3
 Anguish                  Hex/Necr       0%         N/A       100%        4
 Animate Dead             Necr           0%         N/A       100%        4
 Leda's Liquefaction      Hex/Erth       0%         N/A       100%        4
 Alistair's Intoxication  Tmut/Pois      0%         N/A       100%        5
 Borgnjor's Vile Clutch   Necr/Erth      0%         N/A       100%        5
 Lee's Rapid Deconstruct  Erth           0%         3d5*      100%        5
 Silence                  Hex/Air        0%         N/A       100%        5
 Death Channel            Necr           0%         N/A       100%        6
 Eringya's Noxious Bog    Tmut/Pois      0%         N/A       100%        6
 Statue Form              Tmut/Erth      0%         N/A       100%        6
 Enfeeble                 Hex            0%         N/A       100%        7
 Summon Hydra             Summ           0%         N/A       100%        7


Dungeon Overview and Level Annotations

Branches:
Dungeon (14/15)            Temple (0/1) D:4            Lair (4/5) D:10
 Shoals (4/4) Lair:2       Spider (4/4) Lair:2        Slime (5/5) Lair:4
    Orc (2/2) D:10            Elf (0/3) Orc:2        Vaults (0/5) D:13
  Sewer (visited)         Volcano (visited)         Gauntlet (visited)

Altars:
Ashenzari
Cheibriados
Gozag
Hepliaklqana
Kikubaaqudgha
Makhleb
Nemelex Xobeh
Qazlal
Sif Muna
Vehumet
The Shining One
Jiyva

Shops:
D:1 ?   D:7 *   D:10 !   D:11 ?   Orc:1 (   Orc:2 =:![

Annotations:
D:3 2 runed translucent doors, Glaciallarry's ghost, amateur MiHu
D:13 2 transporters, 3 runed translucent doors, inmateoo's ghost, journeyman MiFi
Lair:3 exclusion: oklob plant
Shoals:1 5 transporters
Slime:5 Royal Jelly


Innate Abilities, Weirdness & Mutations

You are completely covered in rugged brown scales. (AC +3, +7% HP)
You have supernaturally acute eyesight. (SInv)
Armour fits poorly on your strangely shaped body.
You can roll at nearby foes to attack.
You have a long armoured tail.
You curl defensively after being hit. (AC +7*)
You have a pair of horns on your head.
Your tail ends in a venomous barb.
You are partially covered in large bone plates. (SH +4)
You are agile. (Dex +4, Str/Int -1)
Your system is resistant to poisons. (rPois)
Your natural rate of healing is unusually fast.
Your rubbery body absorbs attacks. (AC +1, EV +1)
Armour fits poorly on your massive pseudopods.
You expend magic power (3 MP) to strengthen your wands.


Message History

You block the redback's attack. You block the broodmother's attack.
The culicivora attacks as you move away!
You block the culicivora's attack.
The barbed spikes dig painfully into your body as you move.
* * * LOW HITPOINT WARNING * * *
You feel very sick. You block the broodmother's attack.
There is an escape hatch in the ceiling here.
You feel much better.
You feel very sick. You block the redback's attack.
The tarantella touches you but does no damage.
You block the redback's attack. The culicivora bites you!
* * * LOW HITPOINT WARNING * * *
The culicivora draws strength from your injuries!
The entropy weaver points at you and mumbles some strange words.
The broodmother bites you!
* * * LOW HITPOINT WARNING * * *
You feel very sick. You block the redback's attack. The tarantella touches you.
* * * LOW HITPOINT WARNING * * *
You block the redback's attack. You block the culicivora's attack.
The barbed spikes dig painfully into your body as you move.
* * * LOW HITPOINT WARNING * * *
A mysterious force pulls you upwards. The hatch slams shut behind you.
You feel sick.
Okay, then.
Press: ? - help, v - describe, . - travel
Here: a broodmother The floor.
Okay, then.
Press: ? - help, v - describe, . - travel The floor.
You barely miss the redback. You bludgeon the redback!
The redback is moderately wounded.
You feel sick. The redback bites you.
* * * LOW HITPOINT WARNING * * *
You block the tarantella's attack. You block the redback's attack.
The broodmother bites you!
You die...

#.......)....## ### #.........
#...........###### ##.........
##..........##...## #..........
## #........#.#....^###........##
.###.......^..................##
......................##....#.###
#####..###............##...##.#..
# ##.######....s.....##....#....
## #....## #...s@s...#######.....
.# #.....# #....ss.####.###......
.####....# #.....#####...###.....
..####...# ##..###....^...##.....
...####### #######.....<.##.....
.(.#.# ### #.........###....
.....########.###........## ##^..
..###.....##...###.......####....
..# #.....#.###..###..........##.


You could see a broodmother, a culicivora, a tarantella and 2 redbacks.

Vanquished Creatures
  Arachne (Spider:3)
  Jorgrun (Shoals:3)
  A kraken (Shoals:3)
  Gastronok (D:12)
  Polyphemus (Shoals:3)
  A storm dragon (Shoals:4)
  Louise (Shoals:2)
  2 ghost moths (Spider:2)
  4 emperor scorpions (Spider:3)
  3 broodmothers (Spider:2)
  A spark wasp (Spider:3)
  5 entropy weavers (Spider:3)
  A minotaur (Gauntlet)
  2 ettins
  Josephine (D:11)
  7 merfolk javelineers (Shoals:4)
  12 merfolk impalers
  2 boulder beetles
  Fannar (Lair:3)
  A jorogumo (Spider:1)
  A vault guard (D:13)
  6 hydras
  2 ogre magi (Orc:2)
  9 two-headed ogres
  2 radroaches
  5 centaur warriors
  Erica (D:9)
  2 merfolk avatars
  A satyr (Shoals:4)
  An alligator snapping turtle (Shoals:2)
  7 merfolk aquamancers
  2 death scarabs
  4 catoblepae
  10 death yaks
  Lodul (D:11)
  An iron troll (Orc:2)
  A deep troll (Orc:2)
  A spectral catoblepas (Gauntlet)
  8 sea snakes
  5 skeletal warriors (D:13)
  4 pharaoh ants
  2 sun moths
  5 orb spiders
  7 steelbarb worms
  A wizard (D:14)
  A deep elf pyromancer (D:8)
  10 harpies
  An orc sorcerer (Orc:2)
  5 manticores
  5 ugly things (D:14)
  17 wolf spiders
  A moth of wrath (Spider:3)
  7 cyclopes
  6 fauns
  4 merfolk sirens
  A black mamba (Lair:1)
  7 water nymphs
  3 elephants (Lair:3)
  2 molten gargoyles (Gauntlet)
  4 cane toads (Lair:1)
  Joseph (D:8)
  3 gargoyles
  Maggie (D:7)
  8 torpor snails
  Psyche (D:11)
  5 komodo dragons
  4 kobold demonologists
  8 demonic crawlers
  3 tengu conjurers (D:14)
  A yaktaur (D:13)
  3 efreet
  8 trolls
  3 meliai (Spider:3)
  2 polar bears (Lair:1)
  37 merfolk
  9 wind drakes
  Grinder (D:6)
  27 tarantellas
  4 blink frogs (Lair:1)
  9 snapping turtles
  8 dream sheep (Shoals:2)
  38 jumping spiders
  39 yaks
  A vampire (D:11)
  2 shadows (D:11)
  19 water elementals
  15 culicivoras
  5 wyverns
  12 air elementals (Shoals:4)
  6 fire elementals (Volcano)
  91 redbacks
  5 wraiths (D:11)
  2 basilisks
  Grum (D:9)
  3 wargs
  10 vampire mosquitoes
  10 water moccasins
  4 orc warriors
  5 black bears
  An ice beast (D:6)
  29 ogres
  15 wolves
  6 centaurs
  8 kobold brigands
  11 bullfrogs
  4 scorpions
  2 earth elementals (Volcano)
  15 wights
  15 killer bees
  5 howler monkeys
  An electric eel (Lair:2)
  4 hounds
  A jelly (Sewer)
  6 orc priests
  A gnoll bouda (D:5)
  An iguana (D:7)
  9 orc wizards
  5 gnolls (D:5)
  7 adders
  2 river rats (Sewer)
  2 shadow imps
  2 white imps
  2 worms
  31 orcs
  7 ball pythons
  4 bats
  15 endoplasms
  10 giant cockroaches
  5 goblins
  9 hobgoblins
  3 jackals (D:1)
  7 quokkas
  11 frilled lizards
  22 kobolds
  8 rats
  A fire vortex (Volcano)
  2 tentacles (Shoals:3)
915 creatures vanquished.

Vanquished Creatures (collateral kills)
  A radroach (Spider:2)
  A two-headed ogre (D:10)
  A culicivora (Spider:2)
  A centaur (D:10)
4 creatures vanquished.

Vanquished Creatures (others)
  A merfolk avatar (Shoals:3)
  A sea snake (Shoals:4)
  A freezing wraith (D:14)
  A meliai (D:13)
  A merfolk (Shoals:4)
  4 slime creatures
  3 dream sheep (Shoals:2)
  A blink frog (Lair:1)
  A water elemental (Shoals:3)
  A basilisk (D:13)
  4 vampire mosquitoes (D:14)
  A redback (Spider:1)
  An ice beast (shapeshifter) (Gauntlet)
  A black bear (D:6)
  An ogre (Orc:1)
  A centaur (D:7)
  A kobold brigand (D:5)
  A bullfrog (D:7)
  A necrophage (D:6)
  3 killer bees (D:9)
  2 howler monkeys (D:7)
  An electric eel (D:8)
  112 jellies
  An orc priest (D:9)
  2 iguanas
  An orc wizard (D:4)
  4 adders
  A white imp (D:5)
  An ufetubus (D:4)
  A worm (D:5)
  A goblin (D:4)
  8 kobolds
  A ball python (Sewer)
  A fire vortex (Volcano)
  24 fungi
  68 plants
  3 tentacles (Shoals:3)
262 creatures vanquished.

Grand Total: 1181 creatures vanquished

Notes
Turn   | Place    | Note
-------+----------+-------------------------------------------
     0 | D:1      | nono the Palentonga Fighter began the quest for the Orb.
     0 | D:1      | Reached XP level 1. HP: 19/19 MP: 1/1
   155 | D:1      | Reached XP level 2. HP: 23/25 MP: 2/2
   202 | D:1      | Found Siatsuck's Magic Scroll Shoppe.
   215 | D:1      | Bought a scroll of identify for 28 gold pieces
   526 | D:1      | Found a faded altar of an unknown god.
   623 | D:1      | Reached XP level 3. HP: 29/31 MP: 3/3
  1611 | D:3      | Reached XP level 4. HP: 37/37 MP: 4/4
  1710 | D:3      | Found a runed translucent door.
  1713 | D:3      | Noticed a bullfrog
  1714 | D:3      | Noticed Glaciallarry's ghost (amateur MiHu)
  1792 | D:3      | Found a broken altar of Ashenzari.
  1920 | D:3      | Found a runed translucent door.
  2053 | D:3      | Reached XP level 5. HP: 34/44 MP: 5/5
  2120 | D:3      | Found a glowing golden altar of the Shining One.
  2263 | D:3      | Reached skill level 4 in Fighting
  2543 | D:4      | HP: 1/44 [acid (10)]
  2873 | D:4      | You fall into a shaft and drop 2 floors!
  2939 | D:6      | Reached XP level 6. HP: 50/51 MP: 6/6
  2967 | D:6      | Found a glowing drain.
  2987 | Sewer    | Entered a sewer
  3274 | Sewer    | Found a viscous altar of Jiyva.
  3309 | Sewer    | Became a worshipper of Jiyva Jenepit the Shapeless
  3626 | D:5      | Entered Level 5 of the Dungeon
  3816 | D:4      | Reached * piety under Jiyva
  3853 | D:4      | HP: 2/52 [ogre/+0 giant spiked club (26)]
  3862 | D:4      | Gained mutation: You curl defensively after being hit. (AC
                  | +7*) [Palentonga growth]
  3862 | D:4      | Reached XP level 7. HP: 12/58 MP: 7/7
  3983 | D:4      | Found a staircase to the Ecumenical Temple.
  4059 | D:4      | Found an opulent altar of Gozag.
  4258 | D:4      | Reached ** piety under Jiyva
  4405 | D:4      | Found an ancient bone altar of Kikubaaqudgha.
  4484 | D:5      | Reached skill level 5 in Fighting
  4799 | D:5      | Reached *** piety under Jiyva
  4812 | D:5      | Gained mutation: You have a somewhat thin skeletal
                  | structure. (Dex +2, Stealth+) [Jiyva's grace]
  4812 | D:5      | Gained mutation: You have a moderately thin skeletal
                  | structure. (Dex +4, Stealth++) [Jiyva's grace]
  4812 | D:5      | Gained mutation: You have an unnaturally thin skeletal
                  | structure. (Dex +6, Stealth+++) [Jiyva's grace]
  4812 | D:5      | Gained mutation: Your melee attacks may engulf your foes in
                  | ooze. [Jiyva's grace]
  4829 | D:5      | Reached skill level 5 in Shields
  5186 | D:6      | Reached skill level 5 in Maces & Flails
  5186 | D:6      | Reached XP level 8. HP: 48/67 MP: 8/8
  5335 | D:6      | Reached **** piety under Jiyva
  5460 | D:6      | Noticed Grinder
  5461 | D:6      | Paralysed by Grinder for 3 turns
  5481 | D:6      | Killed Grinder
  5482 | D:6      | Reached skill level 5 in Armour
  5526 | D:6      | Reached skill level 6 in Fighting
  5877 | D:7      | Noticed Maggie
  5892 | D:7      | Killed Maggie
  6008 | D:7      | Reached XP level 9. HP: 63/71 MP: 9/9
  6346 | D:7      | Found Neucwuk's Assorted Antiques.
  6471 | D:7      | Found a burning altar of Makhleb.
  6496 | D:7      | Identified the +12 quarterstaff "Faugho" {vamp, +Blink Fly
                  | rF+ Stlth+}
  6560 | D:7      | Reached skill level 7 in Fighting
  6603 | D:7      | Found a shimmering blue altar of Sif Muna.
  6630 | D:7      | Gained mutation: Your body has grown eyes which may confuse
                  | attackers. (Acc +3) [Jiyva's grace]
  6630 | D:7      | Gained mutation: Your body has grown many eyes which may
                  | confuse attackers. (Acc +5) [Jiyva's grace]
  6630 | D:7      | Gained mutation: Your body is covered in eyes which may
                  | confuse attackers. (Acc +7, SInv) [Jiyva's grace]
  6630 | D:7      | Gained mutation: You have large cloven feet. [Jiyva's
                  | grace]
  6643 | D:7      | Reached ***** piety under Jiyva
  6869 | D:8      | Noticed Joseph
  6879 | D:8      | Killed Joseph
  7202 | D:8      | Noticed a kobold demonologist
  7209 | D:8      | Killed a kobold demonologist
  7263 | D:8      | Reached XP level 10. HP: 53/81 MP: 10/10
  7412 | D:8      | Found a radiant altar of Vehumet.
  7495 | D:8      | Noticed a deep elf pyromancer
  7502 | D:8      | Killed a deep elf pyromancer
  7503 | D:8      | Reached skill level 8 in Fighting
  7586 | D:9      | Noticed Grum
  7605 | D:9      | Killed Grum
  7608 | D:9      | Reached skill level 1 in Staves
  7912 | D:9      | Found a sparkling altar of Nemelex Xobeh.
  8119 | D:9      | Noticed Erica
  8129 | D:9      | Killed Erica
  8130 | D:9      | Reached skill level 9 in Fighting
  8401 | D:10     | Entered Level 10 of the Dungeon
  8518 | D:10     | Found a large runed translucent door.
  8519 | D:10     | Found a large runed translucent door.
  8651 | D:10     | Lost mutation: You have an unnaturally thin skeletal
                  | structure. (Dex +6, Stealth+++) [Jiyva's grace]
  8651 | D:10     | Lost mutation: Your body is covered in eyes which may
                  | confuse attackers. (Acc +7, SInv) [Jiyva's grace]
  8651 | D:10     | Lost mutation: Your melee attacks may engulf your foes in
                  | ooze. [Jiyva's grace]
  8651 | D:10     | Gained mutation: Your natural rate of healing is unusually
                  | fast. [Jiyva's grace]
  8651 | D:10     | Gained mutation: You heal very quickly. [Jiyva's grace]
  8651 | D:10     | Gained mutation: You regenerate. [Jiyva's grace]
  8651 | D:10     | Gained mutation: You have a small jelly attached to you
                  | that senses nearby items. [Jiyva's grace]
  8760 | D:10     | Reached skill level 1 in Throwing
  8760 | D:10     | Reached XP level 11. HP: 95/95 MP: 11/11
  8772 | D:10     | Noticed a two-headed ogre
  8783 | D:10     | Killed a two-headed ogre
  8799 | D:10     | Found Heishub's Distillery.
  8809 | D:10     | Found a staircase to the Lair.
  8904 | D:10     | Found a staircase to the Orcish Mines.
  8918 | D:10     | Reached skill level 5 in Staves
  9120 | D:10     | Reached ****** piety under Jiyva
  9369 | D:10     | Noticed a two-headed ogre
  9374 | D:10     | Killed a two-headed ogre
  9377 | D:10     | Reached skill level 10 in Fighting
  9397 | D:10     | Found a hazy altar of Hepliaklqana.
  9402 | D:10     | Found a snail-covered altar of Cheibriados.
  9473 | Lair:1   | Entered Level 1 of the Lair of Beasts
  9880 | Lair:1   | Noticed a five-headed hydra
  9951 | Lair:1   | Reached skill level 11 in Fighting
  9984 | Lair:1   | Killed a five-headed hydra
 10036 | Lair:1   | Identified the +7 trident "Muxaheso" {drain, rPois}
 10364 | Lair:1   | Reached XP level 12. HP: 107/107 MP: 12/12
 10515 | Lair:2   | Noticed a six-headed hydra
 10523 | Lair:2   | Killed a six-headed hydra
 10605 | Lair:2   | Lost mutation: You have a moderately thin skeletal
                  | structure. (Dex +4, Stealth++) [Jiyva's grace]
 10605 | Lair:2   | Gained mutation: Your muscles are strong. (Str +4, Int/Dex
                  | -1) [Jiyva's grace]
 10605 | Lair:2   | Gained mutation: Your muscles are very strong. (Str +8,
                  | Int/Dex -2) [Jiyva's grace]
 10605 | Lair:2   | Gained mutation: You possess an exceptional clarity of
                  | mind. [Jiyva's grace]
 10605 | Lair:2   | Gained mutation: Your rubbery body absorbs attacks. (AC +1,
                  | EV +1) [Jiyva's grace]
 10865 | Lair:2   | Found a hole to the Spider Nest.
 11114 | Lair:2   | Found a staircase to the Shoals.
 11143 | Shoals:1 | Entered Level 1 of the Shoals
 11346 | Lair:3   | Reached skill level 12 in Fighting
 11506 | Lair:3   | Noticed a five-headed hydra
 11512 | Lair:3   | Killed a five-headed hydra
 11554 | Lair:3   | Noticed a four-headed hydra
 11561 | Lair:3   | Killed a four-headed hydra
 11599 | Lair:3   | Noticed Fannar
 11613 | Lair:3   | Killed Fannar
 11826 | Lair:3   | You are sucked into a shaft and drop 1 floor!
 11837 | Lair:4   | Found a staircase to the Slime Pits.
 11909 | Lair:4   | Lost mutation: You possess an exceptional clarity of mind.
                  | [Jiyva's grace]
 11909 | Lair:4   | Gained mutation: You are robust. (+10% HP) [Jiyva's grace]
 11909 | Lair:4   | Gained mutation: You are very robust. (+20% HP) [Jiyva's
                  | grace]
 11909 | Lair:4   | Gained mutation: You are extremely robust. (+30% HP)
                  | [Jiyva's grace]
 11909 | Lair:4   | Gained mutation: Armour fits poorly on your pseudopods.
                  | [Jiyva's grace]
 11941 | Lair:4   | Noticed a death yak
 11941 | Lair:4   | Noticed a death yak
 11941 | Lair:4   | Noticed a death yak
 11941 | Lair:4   | Noticed a death yak
 11942 | Lair:4   | Noticed a death yak
 11942 | Lair:4   | Noticed a death yak
 11951 | Lair:4   | Killed a death yak
 11961 | Lair:4   | Killed a death yak
 11962 | Lair:4   | Reached skill level 1 in Dodging
 11969 | Lair:4   | Killed a death yak
 11972 | Lair:4   | Killed a death yak
 11973 | Lair:4   | Reached XP level 13. HP: 149/149 MP: 13/13
 11991 | Lair:4   | Reached skill level 10 in Staves
 12175 | Lair:4   | Identified the ring "Eluwn" {rCorr Str+6}
 12217 | Lair:4   | Found a dark tunnel.
 12229 | Volcano  | Entered a volcano
 12437 | Slime:1  | Entered Level 1 of the Pits of Slime
 12437 | Slime:1  | Noticed an azure jelly
 12437 | Slime:1  | Noticed an azure jelly
 12446 | Slime:1  | Noticed an acid blob
 12450 | Slime:2  | Noticed a rockslime
 12459 | Slime:3  | Noticed an azure jelly
 12459 | Slime:3  | Noticed a rockslime
 12459 | Slime:3  | Noticed an acid blob
 12460 | Slime:3  | Noticed a quicksilver ooze
 12467 | Slime:3  | Noticed a rockslime
 12469 | Slime:3  | Noticed a quicksilver ooze
 12475 | Slime:3  | Noticed a rockslime
 12484 | Slime:3  | Noticed a quicksilver ooze
 12488 | Slime:3  | Noticed an acid blob
 12519 | Slime:2  | Noticed a rockslime
 12521 | Slime:2  | Noticed a rockslime
 12527 | Slime:2  | Noticed a quicksilver ooze
 12538 | Slime:2  | Noticed an acid blob
 12544 | Slime:2  | Noticed a quicksilver ooze
 12547 | Slime:2  | Noticed a quicksilver ooze
 12549 | Slime:2  | Noticed an acid blob
 12550 | Slime:2  | Noticed an azure jelly
 12575 | Slime:4  | Noticed a quicksilver ooze
 12581 | Slime:4  | Noticed a rockslime
 12586 | Slime:5  | Entered Level 5 of the Pits of Slime
 12587 | Slime:5  | Noticed an acid blob
 12601 | Slime:5  | Found a viscous altar of Jiyva.
 12601 | Slime:5  | Noticed a rockslime
 12602 | Slime:5  | Noticed a rockslime
 12603 | Slime:5  | Noticed an acid blob
 12603 | Slime:5  | Noticed an acid blob
 12604 | Slime:5  | Noticed a rockslime
 12604 | Slime:5  | Noticed an acid blob
 12604 | Slime:5  | Noticed a rockslime
 12604 | Slime:5  | Noticed an acid blob
 12604 | Slime:5  | Found the +5 robe of Misfortune {Harm *Corrode *Slow EV+5}
 12605 | Slime:5  | Noticed an azure jelly
 12609 | Slime:5  | Identified the +1 leather armour "Estek" {rF- Will++ Str+2}
 12612 | Slime:5  | Got a slimy rune of Zot
 12616 | Slime:5  | Noticed an acid blob
 12616 | Slime:5  | Noticed an acid blob
 12627 | Slime:5  | Noticed the Royal Jelly
 12714 | Slime:5  | Noticed a quicksilver ooze
 12827 | Slime:4  | Noticed an azure jelly
 12837 | Slime:3  | Noticed an acid blob
 13006 | Orc:1    | Entered Level 1 of the Orcish Mines
 13029 | Orc:1    | Reached skill level 13 in Fighting
 13113 | Orc:1    | Noticed an ettin
 13126 | Orc:1    | Killed an ettin
 13235 | Orc:1    | Found Maridolo's Firing Range.
 13240 | Orc:1    | Bought a throwing net for 39 gold pieces
 13349 | Orc:2    | Entered Level 2 of the Orcish Mines
 13547 | Orc:2    | Noticed an ettin
 13553 | Orc:2    | Killed an ettin
 13639 | Orc:2    | Reached skill level 5 in Dodging
 13657 | Orc:2    | Found Derum's Book Shop.
 13679 | Orc:2    | Found Aluosk's Antique Armour Shop.
 13684 | Orc:2    | Found Giuceaso's Jewellery Shoppe.
 13688 | Orc:2    | Found Ruucum's Distillery.
 13734 | Orc:2    | Bought a ring of poison resistance for 320 gold pieces
 13741 | Orc:2    | Bought a potion of heal wounds for 60 gold pieces
 13741 | Orc:2    | Bought a potion of heal wounds for 60 gold pieces
 13741 | Orc:2    | Bought a potion of heal wounds for 60 gold pieces
 13784 | Orc:2    | Found a staircase to the Elven Halls.
 14053 | D:11     | Noticed Psyche
 14057 | D:11     | Killed Psyche
 14058 | D:11     | Reached skill level 14 in Fighting
 14152 | D:11     | Noticed Josephine
 14168 | D:11     | Killed Josephine
 14198 | D:11     | Reached XP level 14. HP: 164/164 MP: 14/14
 14254 | D:11     | Found a gate leading to a gauntlet.
 14263 | Gauntlet | Entered a Gauntlet
 14263 | Gauntlet | Found a transporter.
 14263 | Gauntlet | Found a transporter.
 14267 | Gauntlet | Found a transporter.
 14267 | Gauntlet | Found a transporter.
 14286 | Gauntlet | Found a transporter.
 14308 | Gauntlet | Found a transporter.
 14331 | Gauntlet | Found a transporter.
 14332 | Gauntlet | Found a transporter.
 14344 | Gauntlet | Noticed a quicksilver ooze
 14353 | Gauntlet | Found a transporter.
 14435 | Gauntlet | Lost mutation: Your rubbery body absorbs attacks. (AC +1,
                  | EV +1) [Jiyva's grace]
 14435 | Gauntlet | Gained mutation: Your tail ends in a venomous barb.
                  | [Jiyva's grace]
 14435 | Gauntlet | Gained mutation: Your tail ends in a sharp venomous barb.
                  | [Jiyva's grace]
 14435 | Gauntlet | Gained mutation: Your tail ends in a wickedly sharp and
                  | venomous barb. [Jiyva's grace]
 14435 | Gauntlet | Gained mutation: Your rubbery body absorbs attacks. (AC +1,
                  | EV +1) [Jiyva's grace]
 14436 | Gauntlet | Found a transporter.
 14573 | Gauntlet | Identified the amulet of Ucaunwio {RegenMP rElec rPois
                  | Int+5 Dex+3}
 14598 | Gauntlet | Found a transporter.
 14600 | Gauntlet | Found a transporter.
 14615 | Gauntlet | Found a transporter.
 14624 | Gauntlet | Identified the ring of Entrepreneurial Spirit {rF+ Will+
                  | Str+6}
 14684 | Gauntlet | Identified the +0 helmet "Waziram" {Harm rN+ Str+2}
 14685 | Gauntlet | Got the Codex of Doom
 14711 | D:11     | Found Xatax's Magic Scroll Shop.
 14727 | D:11     | Bought a scroll of magic mapping for 120 gold pieces
 14727 | D:11     | Bought a scroll of teleportation for 48 gold pieces
 14727 | D:11     | Bought a scroll of enchant weapon for 120 gold pieces
 14727 | D:11     | Bought a scroll of poison for 64 gold pieces
 14816 | D:11     | Noticed Lodul
 14824 | D:11     | Killed Lodul
 15026 | D:12     | Noticed Gastronok
 15038 | D:12     | Killed Gastronok
 15955 | D:13     | Identified the ring "Zerosyze" {Fly Str+6 Int+4 Dex+3}
 16262 | D:13     | Found a transporter.
 16265 | D:13     | Noticed inmateoo's ghost (journeyman MiFi)
 16270 | D:13     | Found a transporter.
 16325 | D:13     | Lost mutation: You are extremely robust. (+30% HP) [Jiyva's
                  | grace]
 16325 | D:13     | Lost mutation: You are very robust. (+20% HP) [Jiyva's
                  | grace]
 16325 | D:13     | Lost mutation: Your muscles are very strong. (Str +8,
                  | Int/Dex -2) [Jiyva's grace]
 16325 | D:13     | Gained mutation: You are agile. (Dex +4, Str/Int -1)
                  | [Jiyva's grace]
 16325 | D:13     | Gained mutation: You are very agile. (Dex +8, Str/Int -2)
                  | [Jiyva's grace]
 16325 | D:13     | Gained mutation: You have hoof-like feet. [Jiyva's grace]
 16325 | D:13     | Gained mutation: You have hooves in place of feet. [Jiyva's
                  | grace]
 16338 | D:13     | Found a runed translucent door.
 16339 | D:13     | Found a runed translucent door.
 16357 | D:13     | Found a runed translucent door.
 16491 | D:13     | Reached skill level 15 in Fighting
 16552 | D:13     | Found a gate to the Vaults.
 17848 | Shoals:1 | Found a transporter.
 17869 | Shoals:1 | Found a transporter.
 17884 | Shoals:1 | Found a transporter.
 17885 | Shoals:1 | Found a transporter.
 18071 | Shoals:1 | Found a transporter.
 18075 | Shoals:1 | Found a transporter.
 18108 | Shoals:1 | Lost mutation: You have hooves in place of feet. [Jiyva's
                  | grace]
 18108 | Shoals:1 | Lost mutation: You have hoof-like feet. [Jiyva's grace]
 18108 | Shoals:1 | Lost mutation: You regenerate. [Jiyva's grace]
 18108 | Shoals:1 | Lost mutation: You are robust. (+10% HP) [Jiyva's grace]
 18108 | Shoals:1 | Lost mutation: You have a small jelly attached to you that
                  | senses nearby items. [Jiyva's grace]
 18108 | Shoals:1 | Gained mutation: You have a pair of small horns on your
                  | head. [Jiyva's grace]
 18108 | Shoals:1 | Gained mutation: You have a pair of horns on your head.
                  | [Jiyva's grace]
 18108 | Shoals:1 | Gained mutation: You have a pair of large horns on your
                  | head. [Jiyva's grace]
 18108 | Shoals:1 | Gained mutation: You are partially covered in large bone
                  | plates. (SH +4) [Jiyva's grace]
 18465 | Shoals:2 | Noticed Louise
 18482 | Shoals:1 | Reached XP level 15. HP: 70/138 MP: 15/15
 18529 | Shoals:2 | Killed Louise
 19493 | Shoals:3 | Noticed a kraken
 19505 | Shoals:3 | Killed a kraken
 19506 | Shoals:3 | Reached skill level 10 in Shields
 19578 | Shoals:3 | Noticed Jorgrun
 19596 | Shoals:3 | Killed Jorgrun
 19710 | Shoals:3 | Noticed Polyphemus
 19729 | Shoals:3 | Killed Polyphemus
 19730 | Shoals:3 | Reached skill level 16 in Fighting
 19822 | Shoals:4 | Entered Level 4 of the Shoals
 19822 | Shoals:4 | Found a stormy altar of Qazlal.
 20054 | Shoals:4 | Paralysed by an air elemental for 1 turns
 20147 | Shoals:4 | Paralysed by an air elemental for 1 turns
 20203 | Shoals:4 | Identified the amulet "Sionuistrev" {Regen+ Dex+2 Slay+2
                  | Stlth+}
 20204 | Shoals:4 | Paralysed by an air elemental for 1 turns
 20210 | Shoals:4 | Identified the +1 great mace of the Curious Knives {spect,
                  | Str+3}
 20210 | Shoals:4 | Identified the +3 sling "Pojawiev" {vorpal, rN++ Will+
                  | Str+2 Int-5}
 20304 | Shoals:4 | Reached skill level 10 in Maces & Flails
 20344 | Shoals:4 | Noticed a storm dragon
 20362 | Shoals:4 | Killed a storm dragon
 20363 | Shoals:4 | Reached XP level 16. HP: 89/148 MP: 3/16
 20496 | Shoals:4 | Paralysed by an air elemental for 1 turns
 20616 | Shoals:4 | Reached skill level 17 in Fighting
 20699 | Shoals:4 | Got a barnacled rune of Zot
 20932 | Shoals:4 | Paralysed by an air elemental for 1 turns
 21024 | Shoals:4 | Lost mutation: You have large cloven feet. [Jiyva's grace]
 21024 | Shoals:4 | Lost mutation: Your tail ends in a wickedly sharp and
                  | venomous barb. [Jiyva's grace]
 21024 | Shoals:4 | Lost mutation: You heal very quickly. [Jiyva's grace]
 21024 | Shoals:4 | Lost mutation: Your muscles are strong. (Str +4, Int/Dex
                  | -1) [Jiyva's grace]
 21024 | Shoals:4 | Lost mutation: Your body has grown many eyes which may
                  | confuse attackers. (Acc +5) [Jiyva's grace]
 21024 | Shoals:4 | Gained mutation: Your system is resistant to poisons.
                  | (rPois) [Jiyva's grace]
 21024 | Shoals:4 | Gained mutation: A frigid envelope surrounds you and
                  | freezes all who hurt you. [Jiyva's grace]
 21024 | Shoals:4 | Gained mutation: Your body has grown many eyes which may
                  | confuse attackers. (Acc +5) [Jiyva's grace]
 21024 | Shoals:4 | Gained mutation: Your body is covered in eyes which may
                  | confuse attackers. (Acc +7, SInv) [Jiyva's grace]
 21332 | Spider:1 | Entered Level 1 of the Spider Nest
 22146 | Spider:2 | Identified the +10 glaive of Irafu {protect, rF+ Dex+7}
 22339 | Spider:2 | Reached XP level 17. HP: 152/159 MP: 17/17
 22376 | Spider:2 | Reached skill level 18 in Fighting
 23033 | Spider:3 | Noticed Arachne
 23051 | Spider:3 | Killed Arachne
 23063 | Spider:3 | Lost mutation: You have a pair of large horns on your head.
                  | [Jiyva's grace]
 23063 | Spider:3 | Lost mutation: Your tail ends in a sharp venomous barb.
                  | [Jiyva's grace]
 23063 | Spider:3 | Lost mutation: You have a somewhat thin skeletal structure.
                  | (Dex +2, Stealth+) [Jiyva's grace]
 23063 | Spider:3 | Lost mutation: You are very agile. (Dex +8, Str/Int -2)
                  | [Jiyva's grace]
 23063 | Spider:3 | Lost mutation: A frigid envelope surrounds you and freezes
                  | all who hurt you. [Jiyva's grace]
 23063 | Spider:3 | Lost mutation: Your body is covered in eyes which may
                  | confuse attackers. (Acc +7, SInv) [Jiyva's grace]
 23063 | Spider:3 | Lost mutation: Your body has grown many eyes which may
                  | confuse attackers. (Acc +5) [Jiyva's grace]
 23063 | Spider:3 | Lost mutation: Your body has grown eyes which may confuse
                  | attackers. (Acc +3) [Jiyva's grace]
 23063 | Spider:3 | Lost mutation: Armour fits poorly on your pseudopods.
                  | [Jiyva's grace]
 23063 | Spider:3 | Gained mutation: Armour fits poorly on your pseudopods.
                  | [Jiyva's grace]
 23063 | Spider:3 | Gained mutation: Armour fits poorly on your large
                  | pseudopods. [Jiyva's grace]
 23063 | Spider:3 | Gained mutation: Armour fits poorly on your massive
                  | pseudopods. [Jiyva's grace]
 23063 | Spider:3 | Gained mutation: You expend magic power (3 MP) to
                  | strengthen your wands. [Jiyva's grace]
 23150 | Spider:3 | Identified the +4 trident of Radicalism {vorpal, Str+2
                  | Dex+2}
 23953 | Spider:4 | Entered Level 4 of the Spider Nest
 24161 | Spider:3 | Slain by a broodmother

Illustrated notes

Levels and vault maps discovered:
D:1:      sevenhm_arrival_forest_fort_large_4, layout_basic, serial_shops, shop,
          basic_ecumenical_altar
D:2:      layout_rooms, fountainhead
D:3:      layout_rooms, evilmike_ruin_ashenzari, mainiacjoe_overflow_alcove_2,
          ebering_ghost_sewer_f
D:4:      layout_gridville, mainiacjoe_overflow_surrounded_room,
          kennysheep_mini, minmay_temple_entry_mist, st_stairs_14
D:5:      layout_basic
D:6:      layout_basic, gup_sewer_entry_pipe, uniq_grinder
D:7:      layout_loops_ring, mainiacjoe_overflow_concentric_impassable,
          mainiacjoe_overflow_brackets, serial_shops, nicolae_shop_behind_doors,
          wad_floor_pattern_untrapped, kb_lookout_dungeons_type,
          minmay_misc_feat_ornament, moated_statue, minmay_crossroads,
          uniq_maggie
D:8:      minmay_razor_zed, layout_basic, mainiacjoe_overflow_paths,
          guppyfry_early_elven_hall, uniq_joseph
D:9:      layout_long_grid, nemelex_xobeh_ov_fountains_minmay, uniq_grum,
          uniq_erica
D:10:     layout_loops_corners, jmf_multi_god_temple2, lair_entry_dummy,
          orc_0_dummy, serial_shops, nicolae_shop_crystal
D:11:     layout_loops_ring, serial_shops, nicolae_shop_behind_doors,
          gauntlet_entry_generic, uniq_psyche, uniq_lodul, uniq_josephine
D:12:     layout_cave_pods, uniq_gastronok
D:13:     layout_gridville, david_vaults_5, gammafunk_ghost_mausoleum,
          mikee_hates_you
D:14:     layout_loops_ring, reono_crystal_passage
Lair:1:   layout_long_grid, st_stairs_9
Lair:2:   layout_layer_cave, minmay_shoals_entry_hut, spider_nest_entry_a,
          infiniplex_staircase_pool_2
Lair:3:   layout_long_grid, minmay_lair_oklob_bushes,
          dreamdust_mushroom_princess, grunt_megastairs_2, uniq_fannar
Lair:4:   layout_roguey, slime_entry_1, nicolae_volcano_entry_two_sided,
          grunt_forest_small_clearings
Shoals:1: layout_shoals, serial_nicolae_subway, nicolae_sub_station_stone,
          nicolae_sub_station_crystal, nicolae_sub_station_metal
Shoals:2: layout_shoals, uniq_louise
Shoals:3: layout_shoals, uniq_jorgrun, uniq_polyphemus
Shoals:4: shoals_end_hellmonk_storm_palace [storm_palace_center_ruins,
          storm_palace_corner_blocked, storm_palace_corner_pillars,
          storm_palace_corner_narrow, storm_palace_corner_altar]
Spider:1: mumra_spider_spiderweb
Spider:2: layout_spider_delve, nicolae_spider_some_kinda_spiderbox,
          hangedman_spider_tarantella_strand
Spider:3: layout_chambers, uniq_arachne
Spider:4: grunt_spider_rune_circles, nicolae_spider_bug_shape, uniq_kirke
Slime:1:  layout_caves
Slime:2:  layout_caves
Slime:3:  layout_caves, nicolae_slime_round_cave
Slime:4:  layout_caves
Slime:5
Orc:1:    layout_caves, nicolae_shop_firing_range
Orc:2:    st_orc_open, layout_diamond_mine, special_room

Skill      XL: |  1  2  3  4  5  6  7  8  9 10 11 12 13 14 15 16 17 |
---------------+----------------------------------------------------+-----
Shields        | 3 4 5 6 7 8 9 11 12 13 | 13.9
Armour         | 3 4 5 6 7 8 |  8.8
Maces & Flails | 3 4 5 6 7 10 12 13 | 13.6
Fighting       | 4 5 6 7 9 11 12 14 15 16 17 18 | 18.7
Staves         | 4 8 9 11 13 | 13.4
Throwing       | 1 |  1.0
Dodging        | 1 5 7 8 |  8.1

Action                   |  1- 3 |  4- 6 |  7- 9 | 10-12 | 13-15 | 16-18 || total
-------------------------+-------+-------+-------+-------+-------+-------++-------
Melee: Flail             |    71 |       |    52 |       |       |       ||   123
       Tailslap          |     9 |    25 |    36 |    77 |   170 |   127 ||   444
       Short sword       |    37 |       |       |       |       |       ||    37
       Dagger            |    15 |   182 |   136 |       |       |       ||   333
       Quarterstaff      |       |       |    37 |   423 |   578 |       ||  1038
       Kick              |       |       |    13 |   168 |   361 |    74 ||   616
       Pseudopods        |       |       |       |    10 |   194 |   185 ||   389
       Headbutt          |       |       |       |       |    72 |   182 ||   254
       Eveningstar       |       |       |       |       |   271 |   690 ||   961
Invok: Oozemancy         |       |       |       |       |     2 |       ||     2
 Abil: Rolling Charge    |       |       |       |       |     1 |       ||     1
Evoke: Wand              |       |     1 |       |       |       |       ||     1
  Use: Scroll            |     3 |     1 |     6 |     7 |    15 |     3 ||    35
       Potion            |       |     4 |     1 |     2 |     1 |     8 ||    16
 Stab: Sleeping          |       |       |     6 |     7 |     3 |       ||    16
       Confused          |       |       |     1 |    14 |    13 |    38 ||    66
       Distracted        |       |       |       |     2 |       |       ||     2
       Invisible         |       |       |       |     3 |     3 |     6 ||    12
       Petrified         |       |       |       |       |     4 |       ||     4
Armor: Scale mail        |    58 |   100 |   105 |    21 |       |       ||   284
       Robe              |       |       |       |    57 |    11 |       ||    68
       Plate armour      |       |       |       |    98 |       |       ||    98
       Ring mail         |       |       |       |       |   136 |       ||   136
       Chain mail        |       |       |       |       |    73 |   331 ||   404
Dodge: Dodged            |    56 |    46 |    85 |   123 |   286 |   272 ||   868
Block: Buckler           |    22 |    45 |    37 |       |       |       ||   104
       Other             |       |       |       |    16 |    36 |       ||    52
       Tower shield      |       |       |       |       |   361 |  1028 ||  1389
       Reflection        |       |       |       |       |       |    10 ||    10

Table legend: (Time is in decaauts)
 A = Elapsed time spent in this place.
 B = Non-inter-level travel time spent in this place.
 C = Inter-level travel time spent in this place.
 D = Time resting spent in this place.
 E = Time spent auto-exploring this place.
 F = Levels seen in this place.
 G = Mean time per level.
                   A        B        C        D        E       F      G
               +--------+--------+--------+--------+--------+-----+--------+
         Total |  24072 |  22347 |   1725 |    894 |  13752 |  36 |  668.7 |
       Dungeon |  12262 |  11576 |    686 |    645 |   8472 |  14 |  875.9 |
          Lair |   2932 |   2489 |    443 |      0 |   1595 |   4 |  733.0 |
        Shoals |   3534 |   3244 |    290 |     36 |   1334 |   4 |  883.5 |
   Spider Nest |   2828 |   2742 |     86 |      0 |   1505 |   4 |  707.0 |
    Slime Pits |    469 |    294 |    175 |      0 |    133 |   5 |   93.8 |
  Orcish Mines |    960 |    916 |     44 |      0 |    568 |   2 |  480.0 |
         Sewer |    497 |    497 |      0 |    101 |    145 |   1 |  497.0 |
       Volcano |    126 |    126 |      0 |      0 |      0 |   1 |  126.0 |
      Gauntlet |    462 |    462 |      0 |    112 |      0 |   1 |  462.0 |
               +--------+--------+--------+--------+--------+-----+--------+

Top non-repeatable levels by time:
     D:3: 1394 daAuts
Spider:3: 1303 daAuts
Shoals:4: 1190 daAuts
    D:10: 1119 daAuts
     D:6: 1073 daAuts
  Lair:1: 993 daAuts
    D:12: 935 daAuts
Shoals:2: 909 daAuts
     D:1: 909 daAuts
  Lair:2: 888 daAuts
     D:9: 845 daAuts
     D:7: 838 daAuts
     D:4: 810 daAuts
     D:8: 778 daAuts
Spider:1: 772 daAuts
